 Dungeon Crawl Stone Soup version 0.26-b1-32-g5d43845318 (webtiles) character file.

Game seed: 9790408611800015483

2699 Borgoz the Basher (level 9, -2/56 HPs)
             Began as a Gargoyle Gladiator on Jan 10, 2021.
             Was a Believer of Lugonu.
             Slain by a two-headed ogre
             ... wielding a +0 giant club
              (5 damage)
             ... on level 8 of the Dungeon.
             The game lasted 00:15:16 (9077 turns).

Borgoz the Basher (Gargoyle Gladiator)              Turns: 9077, Time: 00:15:17

Health: -2/56      AC: 14    Str: 19    XL:     9   Next: 65%
Magic:  9/9        EV: 13    Int:  8    God:    Lugonu [**....]
Gold:   347        SH:  0    Dex: 14    Spells: 8/8 levels left

rFire    . . .     SeeInvis .   v - +2 flail (freeze)
rCold    . . .     Faith    .   (no shield)
rNeg     + . .     Spirit   .   b - +0 ring mail
rPois    ∞         Reflect  .   c - +1 helmet
rElec    +         Harm     .   (no cloak)
rCorr    +         Rampage  .   (no gloves)
Will     .....                  (no boots)
Stlth    ++........             (no amulet)
HPRegen  0.18/turn              q - ring of resist corrosion
MPRegen  0.11/turn              (no ring)

@: no status effects
A: negative energy resistance 1, electricity resistance, unbreathing,
petrification resistance, miasma immunity, AC +6
a: Renounce Religion, Depart the Abyss, Bend Space


You were on level 8 of the Dungeon.
You worshipped Lugonu.
Lugonu was pleased with you.
You visited 2 branches of the dungeon, and saw 9 of its levels.
You also visited: Sewer.

You collected 347 gold pieces.

Inventory:

Hand Weapons
 v - a +2 flail of freezing (weapon)
Missiles
 d - a throwing net (quivered)
Armour
 b - a +0 ring mail (worn)
 c - a +1 helmet (worn)
Jewellery
 o - an uncursed ring of ice
 q - a ring of resist corrosion (left hand)
 s - an uncursed ring of flight
 w - a +4 ring of protection {unknown}
 z - an uncursed ring of wizardry {unknown}
Wands
 i - a wand of enslavement (5)
 n - a wand of digging (3)
 x - a wand of polymorph (5)
 A - a wand of iceblast (10)
Scrolls
 e - 7 scrolls of remove curse
 f - a scroll of fear {unknown}
 j - a scroll of summoning {unknown}
 k - 2 scrolls of fog
 l - 4 scrolls of teleportation
 u - 2 scrolls of enchant armour
 y - 3 scrolls of identify
Potions
 a - 2 potions of attraction {unknown}
 g - a potion of magic
 h - 6 potions of flight
 m - 2 potions of brilliance {unknown}
 p - 2 potions of curing
 r - 2 potions of haste
 t - a potion of cancellation


   Skills:
 + Level 6.3 Fighting
 * Level 8.3 Maces & Flails
 - Level 1.7 Throwing
 * Level 5.7 Armour
 * Level 5.1 Dodging
 - Level 5.0 Stealth


You had 8 spell levels left.
You didn't know any spells.
Your spell library contained the following spells:

 Spells                   Type           Power        Failure   Level
 Animate Skeleton         Necr           0%           56%         1
 Foxfire                  Conj/Fire      0%           56%         1
 Pain                     Necr           0%           56%         1
 Passwall                 Tmut/Erth      0%           71%         2
 Swiftness                Air            0%           71%         2
 Vampiric Draining        Necr           0%           91%         3
 Animate Dead             Necr           0%           100%        4
 Leda's Liquefaction      Hex/Erth       0%           100%        4
 Passage of Golubria      Tloc           N/A          100%        4
 Agony                    Necr           0%           100%        5
 Lee's Rapid Deconstruct  Erth           0%           100%        5
 Freezing Cloud           Conj/Ice/Air   0%           100%        6
 Invisibility             Hex            0%           100%        6
 Shatter                  Erth           0%           100%        9


Dungeon Overview and Level Annotations

Branches:
Dungeon (8/15)             Temple (1/1) D:4            Lair (0/6) D:8
  Sewer (visited)

Altars:
Ashenzari
Cheibriados
Elyvilon
Fedhas
Gozag
Hepliaklqana
Kikubaaqudgha
Makhleb
Nemelex Xobeh
Qazlal
Ru
Sif Muna
Trog
Uskayaw
Vehumet
Wu Jian
Xom
Yredelemnul
Zin
The Shining One
Lugonu

Shops:
D:7 *


Innate Abilities, Weirdness & Mutations

You are resistant to torment.
Your stone body is resilient. (AC +6)
You are immune to poison.
You resist negative energy. (rN+)
You are resistant to electric shocks. (rElec)
You can survive without breathing.
You are immune to petrification.
You are immune to miasma.


Message History

The two-headed ogre barely misses you.
You are too injured to fight recklessly!
You are too injured to fight recklessly!
You are too injured to fight recklessly!
You hit the two-headed ogre. You freeze the two-headed ogre.
The two-headed ogre is heavily wounded.
The two-headed ogre closely misses you.
The two-headed ogre hits you but does no damage.
You completely miss the two-headed ogre.
The two-headed ogre is heavily wounded.
You hit the two-headed ogre. You freeze the two-headed ogre.
The two-headed ogre is severely wounded.
The two-headed ogre hits you with a +0 giant club!!
* * * LOW HITPOINT WARNING * * *
The two-headed ogre hits you with a +0 giant club.
* * * LOW HITPOINT WARNING * * *
You barely miss the two-headed ogre.
The two-headed ogre is severely wounded.
The two-headed ogre hits you with a +0 giant club.
You die...

#.......##......# #........#.
#..(....#######)# ##########.
#.......# #+## ####.
#.......# #...## #....
#.......# ##.....#######.###
#.......# ##.......##........
#.......###..?......#.#######
##........'......... #
#.#...####.@O...... # #.##.##
##.......# # #....# ##.(...##
# ####.# #...## # #.# #+## #
... . #.. . .


You could see a two-headed ogre.

Vanquished Creatures
  Purgy (Sewer)
  A necrophage (D:8)
  3 orc warriors
  A black bear (D:8)
  4 ogres
  2 centaurs
  4 scorpions
  7 wights (D:8)
  A howler monkey (D:4)
  2 quasits
  A centaur zombie (D:7)
  6 orc wizards
  2 bullfrog skeletons
  4 orc priests
  4 hounds
  A centaur skeleton (D:4)
  Ijyb (D:5)
  2 iguanas
  4 worker ants
  2 hound skeletons
  A worker ant zombie (D:6)
  7 gnolls (D:5)
  2 river rats (D:3)
  6 adders
  2 shadow imps
  5 white imps
  An ufetubus (D:6)
  An ooze (D:1)
  An adder skeleton (D:4)
  2 worms (D:2)
  4 dart slugs
  4 leopard geckos
  21 orcs
  8 bats
  8 giant cockroaches
  5 goblins
  5 hobgoblins
  10 jackals
  5 quokkas
  6 ball pythons
  5 frilled lizards
  A jackal skeleton (D:4)
  6 kobolds
  A quokka skeleton (D:4)
  8 rats
178 creatures vanquished.

Notes
Turn   | Place    | Note
-------+----------+-------------------------------------------
     0 | D:1      | Borgoz the Gargoyle Gladiator began the quest for the Orb.
     0 | D:1      | Reached XP level 1. HP: 12/12 MP: 1/1
    97 | D:1      | Reached XP level 2. HP: 17/17 MP: 2/2
   540 | D:1      | Reached skill level 1 in Stealth
   689 | D:1      | Reached XP level 3. HP: 22/22 MP: 3/3
   757 | D:1      | Reached skill level 1 in Armour
  1215 | D:2      | Reached XP level 4. HP: 21/27 MP: 4/4
  1798 | D:3      | Found a hide-covered altar of Uskayaw.
  1809 | D:3      | Reached skill level 4 in Maces & Flails
  1809 | D:3      | Reached XP level 5. HP: 32/32 MP: 5/5
  1844 | D:3      | Found a shimmering blue altar of Sif Muna.
  1844 | D:3      | Found a glowing golden altar of the Shining One.
  1850 | D:3      | Found an ornate altar of the Wu Jian Council.
  1850 | D:3      | Found a shimmering altar of Xom.
  1850 | D:3      | Found a burning altar of Makhleb.
  1900 | D:3      | Found a white marble altar of Elyvilon.
  1903 | D:3      | Found a bloodstained altar of Trog.
  1904 | D:3      | Found a stormy altar of Qazlal.
  1904 | D:3      | Found a snail-covered altar of Cheibriados.
  2018 | D:3      | Found a glowing drain.
  2041 | Sewer    | Entered a sewer
  2102 | Sewer    | Reached XP level 6. HP: 36/37 MP: 6/6
  2130 | Sewer    | Noticed Purgy
  2145 | Sewer    | Killed Purgy
  2157 | Sewer    | Identified Lee's Disquisition on Arcane Weapons and Earth
  2359 | D:3      | Found a burning altar of Makhleb.
  2515 | D:3      | Found a glowing silver altar of Zin.
  2515 | D:3      | Noticed an angel
  2774 | D:4      | Found a basalt altar of Yredelemnul.
  2774 | D:4      | Found an ornate altar of the Wu Jian Council.
  2775 | D:4      | Found a sparkling altar of Nemelex Xobeh.
  2815 | D:4      | Reached skill level 5 in Maces & Flails
  2819 | D:4      | Reached XP level 7. HP: 37/41 MP: 7/7
  2969 | D:4      | Found a staircase to the Ecumenical Temple.
  2982 | Temple   | Entered the Ecumenical Temple
  3021 | Temple   | Became a worshipper of Lugonu the Unformed
  3021 | Temple   | Reached * piety under Lugonu
  3477 | D:5      | Entered Level 5 of the Dungeon
  4299 | D:5      | Found a hide-covered altar of Uskayaw.
  4300 | D:5      | Noticed a +0 dagger
  4301 | D:5      | Noticed a +0 dagger
  4350 | D:5      | Reached XP level 8. HP: 19/48 MP: 8/8
  4359 | D:5      | Noticed Ijyb
  4632 | D:5      | Killed Ijyb
  4633 | D:5      | Reached skill level 6 in Maces & Flails
  4831 | D:6      | Found a broken altar of Ashenzari.
  5489 | D:6      | Found a shimmering blue altar of Sif Muna.
  6279 | D:6      | Reached skill level 5 in Fighting
  6932 | D:6      | Reached skill level 5 in Stealth
  7027 | D:7      | Reached skill level 7 in Maces & Flails
  7212 | D:7      | Found a sacrificial altar of Ru.
  7213 | D:7      | Found a shimmering altar of Xom.
  7224 | D:7      | Reached XP level 9. HP: 41/54 MP: 9/9
  7359 | D:7      | Found Adaciah's Island Escapes.
  7589 | D:7      | Reached skill level 5 in Armour
  8023 | D:8      | Found a shimmering altar of Xom.
  8093 | D:8      | Reached ** piety under Lugonu
  8110 | D:8      | Reached skill level 8 in Maces & Flails
  8565 | D:8      | Found a staircase to the Lair.
  8582 | D:8      | Reached skill level 5 in Dodging
  9067 | D:8      | Noticed a two-headed ogre
  9077 | D:8      | Slain by a two-headed ogre

Illustrated notes

Levels and vault maps discovered:
D:1:      tarquinn_simple_flora_water_f, layout_basic
D:2:      layout_basic
D:3:      layout_basic, makhleb_heckhound_becter, zin_angel,
          chequers_temple_overflow_statue_of_worship, portal_sewer_entry_a,
          doesnt_xom_only_xom
D:4:      layout_cave_pools, gammafunk_temple_overflow_claw,
          minmay_temple_entry_mist
D:5:      layout_loops_cross, dancing_weapons_uskayaw, uniq_ijyb
D:6:      layout_loops_ring, old_standard_altar, led_sif_book,
          solitary_fountain, lightli_minifort
D:7:      layout_loops_cross, gammafunk_temple_overflow_pools,
          serial_park_tiny_1, nicolae_island_escapes
D:8:      layout_loops_corners, amethyst_overflow_temple_binary,
          lair_entry_dummy, serial_shops, nicolae_shop_statue_plus, basic_altar
Temple:   corrupted_temple

Skill      XL: |  1  2  3  4  5  6  7  8  9 |
---------------+----------------------------+-----
Stealth        | 1 2 3 4 5 |  5.0
Armour         | 1 2 3 4 5 |  5.7
Maces & Flails | 4 5 7 8 |  8.3
Fighting       | 3 4 5 6 |  6.3
Dodging        | 3 4 5 |  5.1
Throwing       | |  1.7

Action                   |  1- 3 |  4- 6 |  7- 9 || total
-------------------------+-------+-------+-------++-------
Melee: Flail             |    95 |   178 |   544 ||   817
Throw: Throwing net      |       |     1 |     6 ||     7
  Use: Scroll            |     4 |     6 |     9 ||    19
       Potion            |       |     1 |     5 ||     6
 Stab: Sleeping          |       |     1 |    11 ||    12
       Held in net/web   |       |     2 |     2 ||     4
Armor: Leather armour    |    25 |       |       ||    25
       Ring mail         |    28 |    89 |   299 ||   416
Dodge: Dodged            |    67 |   151 |   492 ||   710
